 Dungeon Crawl Stone Soup version 0.30-a0-946-gec5dcfc036 (webtiles) character file.

Game seed: 2193772158611136983

681 Armakuni the Twirler (level 7, -4/53 HPs)
             Began as a Human Artificer on Mar 26, 2023.
             Was an Initiate of Elyvilon.
             Slain by a gnoll sergeant
             ... wielding a +0 spear
              (9 damage)
             ... on level 6 of the Dungeon.
             The game lasted 00:09:08 (2943 turns).

Armakuni the Twirler (Human Artificer)              Turns: 2943, Time: 00:09:09

Health: -4/53      AC:  5    Str: 15    XL:     7   Next: 92%
Magic:  7/7        EV: 12    Int: 11    God:    Elyvilon [......]
Gold:   212        SH:  0    Dex: 13    Spells: 4/6 levels left

rFire   + . .      SeeInvis +    a - +5 lajatang (speed)
rCold   . . .      Faith    .    (shield currently unavailable)
rNeg    . . .      Spirit   .    g - +0 leather armour
rPois   .          Reflect  .    (no helmet)
rElec   .          Rampage  .    (no cloak)
rCorr   .                        h - +0 pair of gloves
Will    .....                    i - +0 pair of boots
Stlth   +                        A - amulet of the acrobat
HPRegen 0.28/turn                F - ring of protection from fire
MPRegen 0.10/turn                I - ring of see invisible

@: no status effects
A: no striking features
a: Renounce Religion


You were on level 6 of the Dungeon.
You worshipped Elyvilon.
Elyvilon was noncommittal.
You visited 1 branch of the dungeon, and saw 6 of its levels.

You collected 212 gold pieces.

Inventory:

Hand Weapons
 a - a +5 lajatang of speed (weapon)
 u - a +2 spear of venom
Armour
 g - a +0 leather armour (worn)
 h - a +0 pair of gloves (worn)
 i - a +0 pair of boots (worn)
 o - a +0 ring mail
Jewellery
 A - an amulet of the acrobat (around neck)
 F - a ring of protection from fire (left hand)
 I - a ring of see invisible (right hand)
Wands
 c - a wand of charming (22)
 d - a wand of flame (11) (quivered)
 j - a wand of iceblast (3)
Potions
 e - a potion of invisibility {unknown}
 f - a potion of attraction {unknown}
 k - 5 potions of cancellation
 l - a potion of haste {unknown}
 m - a potion of heal wounds {unknown}
 n - a potion of berserk rage {unknown}
 p - 2 potions of degeneration {unknown}
 r - a potion of ambrosia
 s - 2 potions of lignification {unknown}
 t - a potion of brilliance {unknown}


   Skills:
 - Level 3.9 Fighting
 - Level 0.8(2.8) Maces & Flails
 + Level 4.3 Staves
 - Level 4.1 Armour
 - Level 3.6 Dodging
 - Level 1.0 Stealth
 - Level 3.0 Evocations


You had 4 spell levels left.
You knew the following spells:

 Your Spells              Type           Power      Damage    Failure   Level
a - Blink                 Tloc           0%         N/A       54%         2

Your spell library contained the following spells:

 Spells                   Type           Power      Damage    Failure   Level
 Cigotuvi's Dreadful Rot  Necr/Pois/Air  0%         N/A       54%         2
 Lesser Beckoning         Tloc           0%         N/A       54%         2
 Momentum Strike          Conj/Tloc      0%         3d8       54%         2
 Poisonous Vapours        Pois/Air       0%         N/A       54%         2
 Mephitic Cloud           Conj/Pois/Air  0%         N/A       78%         3


Dungeon Overview and Level Annotations

Branches:
Dungeon (7/15)
 Temple: D:4-7

Altars:
Ashenzari
Elyvilon
Hepliaklqana
Uskayaw


Message History

The puff of frost hits you. The sleepcap releases spores at you.
You feel better.
Your surroundings suddenly seem different.
A gnoll sergeant and 5 gnolls come into view.
The gnoll sergeant shouts!
The gnoll shouts! x3
The gnoll sergeant completely misses you.
The gnoll shouts!
The gnoll sergeant barely misses you. The gnoll attacks as you move away!
The gnoll completely misses you. The gnoll sergeant barely misses you.
The gnoll sergeant attacks as you move away!
The gnoll sergeant hits you with a +0 spear!
* * * LOW HITPOINT WARNING * * *
The gnoll attacks as you move away! The gnoll misses you.
The gnoll sergeant barely misses you.
As you read the scroll labelled QAPNUPNESI, it crumbles to dust.
You hear a loud clanging noise!
It was a scroll of noise.
You hear an angry growl.
You hear a shout!
The gnoll sergeant hits you from afar with a +0 spear.
* * * LOW HITPOINT WARNING * * *
The gnoll barely misses you.
You are confused.
You feel invigorated. The gnoll sergeant barely misses you.
The gnoll misses you. The gnoll closely misses you.
You bump into the rock wall.
The gnoll sergeant hits you from afar with a +0 spear!
* * * LOW HITPOINT WARNING * * *
The gnoll hits you from afar with a +0 spear!
* * * LOW HITPOINT WARNING * * *
The gnoll closely misses you.
You bump into the rock wall.
You feel less invigorated.
You feel less confused.
The gnoll sergeant hits you from afar with a +0 spear.
* * * LOW HITPOINT WARNING * * *
The gnoll barely misses you. The gnoll closely misses you.
You slash the gnoll!
You kill the gnoll!
The gnoll sergeant hits you from afar with a +0 spear!
You die...

#.... #.... #....
#...## #....#
#....###
##.....g## .
#.....ggg#####...#
#..######g)@.....#
####....## #####


You could see a gnoll sergeant and 4 gnolls.

Vanquished Creatures
  Sigmund (D:6)
  A phantom (D:3)
  2 scorpions (D:4)
  A jelly (D:3)
  A hound (D:4)
  An orc priest (D:3)
  An iguana (D:4)
  2 orc wizards
  5 gnolls
  4 adders
  4 worms
  2 dart slugs
  5 orcs
  9 endoplasms
  8 giant cockroaches
  7 hobgoblins
  2 jackals (D:1)
  3 quokkas
  9 ball pythons
  4 bats (D:1)
  2 frilled lizards
  7 goblins
  8 kobolds
  A rat (D:3)
90 creatures vanquished.

Notes
Turn   | Place    | Note
-------+----------+-------------------------------------------
     0 | D:1      | Armakuni the Human Artificer began the quest for the Orb.
     0 | D:1      | Reached XP level 1. HP: 15/15 MP: 1/1
   320 | D:1      | Reached XP level 2. HP: 21/21 MP: 2/2
   380 | D:1      | Reached skill level 1 in Staves
   410 | D:1      | Reached XP level 3. HP: 26/26 MP: 3/3
  1081 | D:2      | Found a hazy altar of Hepliaklqana.
  1152 | D:2      | Reached XP level 4. HP: 17/33 MP: 4/4
  1297 | D:2      | Learned a level 2 spell: Blink
  1419 | D:3      | Found a hide-covered altar of Uskayaw.
  1616 | D:3      | Reached XP level 5. HP: 35/39 MP: 5/5
  1635 | D:3      | Found a broken altar of Ashenzari.
  1771 | D:3      | Noticed a phantom
  1776 | D:3      | Killed a phantom
  1777 | D:3      | Reached XP level 6. HP: 47/47 MP: 6/6
  2508 | D:4      | Reached XP level 7. HP: 28/52 MP: 7/7
  2622 | D:4      | Identified a scroll of acquirement
  2622 | D:4      | Acquired a +5 lajatang of speed
  2674 | D:4      | Found a white marble altar of Elyvilon.
  2715 | D:4      | Became a worshipper of Elyvilon the Healer
  2916 | D:4      | You fall into a shaft and drop 3 floors!
  2919 | D:6      | Noticed Sigmund
  2923 | D:6      | Killed Sigmund
  2929 | D:6      | HP: 2/53 [centaur (2)]
  2943 | D:6      | Slain by a gnoll sergeant

Illustrated notes

Levels and vault maps discovered:
D:1:      nzn_arrival_settlement, layout_basic,
          amcnicky_mini_rare_corridor_liquid, st_stairs_11
D:2:      layout_rooms, basic_altar
D:3:      layout_basic, evilmike_ruin_ashenzari, overflow_temple_1_default,
          grunt_ministairs_6
D:4:      layout_rooms, mainiacjoe_overflow_boulevard, portal_sewer_entry_f,
          serial_rivers, chequers_serial_rivers_room_a,
          chequers_serial_rivers_small_b, chequers_serial_rivers_marsh,
          chequers_serial_rivers_small_3
D:6:      layout_layer_cave, serial_shops, shop, uniq_pikel, uniq_sigmund,
          uniq_blork_the_orc
D:7:      layout_loops_ring, serial_shops, kennysheep_little_box,
          kennysheep_crisscross, minmay_misc_feat_square, palyth_stone_intersect

Skill      XL: |  1  2  3  4  5  6  7 |
---------------+----------------------+-----
Staves         | 1 2 4 |  4.3
Fighting       | 2 3 |  3.9
Dodging        | 2 3 |  3.6
Armour         | 3 4 |  4.1
Maces & Flails | |  0.8
Stealth        | |  1.0
Evocations     | |  3.0

Action                     |  1- 3 |  4- 6 |  7- 9 || total
---------------------------+-------+-------+-------++-------
  Melee: Club              |    19 |       |       ||    19
         Staff             |     2 |       |       ||     2
         Punch             |     2 |     1 |       ||     3
         Spear             |    43 |   117 |    20 ||   180
         Quarterstaff      |       |     3 |       ||     3
         Lajatang          |       |       |    26 ||    26
  Evoke: Wand              |     2 |     4 |       ||     6
    Use: Scroll            |       |     3 |     5 ||     8
         Potion            |       |     1 |     6 ||     7
   Stab: Sleeping          |     1 |     6 |       ||     7
 Armour: Leather armour    |    12 |    30 |     8 ||    50
  Dodge: Dodged            |    35 |    83 |    53 ||   171

Table legend: (Time is in decaauts)
 A = Elapsed time spent in this place.
 B = Non-inter-level travel time spent in this place.
 C = Inter-level travel time spent in this place.
 D = Time resting spent in this place.
 E = Time spent auto-exploring this place.
 F = Levels seen in this place.
 G = Mean time per level.
                   A        B        C        D        E       F      G
               +--------+--------+--------+--------+--------+-----+--------+
         Total |   2957 |   2880 |     77 |    253 |   1764 |   6 |  492.8 |
       Dungeon |   2957 |   2880 |     77 |    253 |   1764 |   6 |  492.8 |
               +--------+--------+--------+--------+--------+-----+--------+

Top non-repeatable levels by time:
     D:3: 946 daAuts
     D:1: 904 daAuts
     D:4: 594 daAuts
     D:2: 486 daAuts
     D:6: 22 daAuts
     D:7: 2 daAuts
